Map: Eternal Empire LE

Players

Aomine

  • Race: Terran Terran
  • League: Master
  • Spawn Location: 7:00

zuka - Winner!

  • Race: Protoss Protoss
  • League: Master
  • Spawn Location: 1:00

VOD

Have the link to the VOD?

Description

Time

  • Played on: Aug. 28, 2020, 3:30 p.m.
  • Length: 10:35
Show
View Real Time Build Order
Export as new Build Order

Aomine Terran 

Build Orders: Reaper Expand 

Get SALT Encoding   

  12  0:00  SCV  
  13  0:12  SCV  
  14  0:17  Supply Depot  
  14  0:24  SCV  
  15  0:39  SCV  
  15  0:41  Barracks  
  16  0:47  Refinery  
  16  0:51  SCV  
  17  1:04  SCV  
  18  1:16  SCV  
  19  1:28  Orbital Command  
  19  1:29  Reaper  
  20  1:44  Command Center  
  20  1:55  SCV  
  20  1:56  Supply Depot  
  21  2:02  Marine  
  22  2:20  SCV, Marine  
  24  2:25  Factory  
  24  2:26  Bunker  
  24  2:29  Refinery  
  24  2:32  SCV  
  25  2:38  Marine  
  26  2:44  SCV  
  26  2:57  SCV  
  27  3:01  Bunker  
  27  3:09  SCV  
  28  3:17  Marine  
  28  3:18  Factory Tech Lab  
  28  3:19  SCV  
  30  3:21  SCV  
  29  3:35  Marine  
  29  3:38  Orbital Command  
  27  3:41  Cyclone  
  27  3:48  Bunker  
  29  3:53  Marine  
  29  4:02  SCV  
  24  4:10  Marine  
  24  4:14  SCV  
  25  4:22  SCV  
  26  4:26  SCV  
  28  4:32  Barracks Reactor  
  28  4:35  SCV  
  28  4:38  SCV  
  29  4:41  Starport, Siege Tank  
  32  4:47  SCV  
  32  4:50  SCV  
  34  4:53  Supply Depot  
  34  4:59  SCV  
  35  5:02  SCV  
  35  5:10  Marine x2  
  35  5:11  SCV  
  35  5:13  Siege Tank  
  41  5:14  SCV  
  42  5:23  Viking, SCV  
  42  5:26  SCV  
  42  5:27  Marine  
  42  5:28  Marine  
  48  5:35  SCV, Barracks  
  48  5:36  Barracks  
  48  5:38  SCV  
  50  5:45  Marine x2  
  50  5:47  SCV  
  53  5:50  SCV  
  54  5:59  Supply Depot  
  54  6:05  Supply Depot  
  54  6:06  Supply Depot  
  54  6:20  SCV, Liberator  
  54  6:21  SCV, Supply Depot, Siege Tank  
  54  6:23  Barracks Tech Lab  
  54  6:24  Barracks Reactor  
  62  6:26  Marine x2  
  64  6:33  SCV x2  
  64  6:39  Supply Depot  
  66  6:40  Supply Depot, Engineering Bay  
  66  6:42  Marine  
  66  6:44  Marine x2  
  66  6:45  SCV x2  
  66  6:46  Stimpack  
  71  6:57  SCV x2  
  71  7:00  Marine x3  
  76  7:01  Marine x2  
  78  7:09  SCV x2  
  78  7:10  Medivac  
  82  7:21  SCV  
  80  7:28  Orbital Command  
  43  7:47  Marine x3  
  43  7:48  Medivac, Marine  
  43  7:50  SCV  
  48  7:58  Marine  
  49  8:00  Siege Tank  
  49  8:01  SCV  
  49  8:02  SCV  
  49  8:05  Marine x2  
  55  8:10  Terran Infantry Weapons Level 1  
  56  8:13  SCV  
  56  8:14  SCV  
  56  8:16  Orbital Command  
  56  8:19  Marine x3  
  60  8:25  Combat Shield  
  61  8:28  SCV  
  62  8:40  SCV  
  63  8:45  Marine x5  
  63  8:46  Siege Tank  
  63  8:47  Starport Reactor  
  72  8:48  SCV  
  72  8:52  SCV  
  68  9:00  SCV  
  64  9:07  Marine x2  
  64  9:08  SCV  
  60  9:12  SCV  
  60  9:14  Marine x3  
  64  9:20  SCV  
  65  9:25  Marine  
  65  9:28  Refinery  
  66  9:34  Marine x2  
  68  9:42  SCV x2  
  68  9:45  Marine x2  
  72  9:54  Marine x3  
  75  10:03  Marine x2  
  76  10:12  Marine x3  
Show
View Real Time Build Order
Export as new Build Order

zuka Protoss - Winner!

Build Orders:  

Get SALT Encoding   

  12  0:10  Pylon  
  12  0:13  Probe  
  13  0:28  Gateway  
  13  0:30  Probe (Chrono Boost)  
  14  0:40  Probe (Chrono Boost), Assimilator  
  15  0:44  Probe (Chrono Boost)  
  16  0:51  Assimilator  
  16  0:56  Probe  
  17  1:08  Probe  
  18  1:16  Cybernetics Core  
  18  1:20  Probe  
  19  1:32  Probe  
  20  1:37  Pylon  
  20  1:44  Probe  
  21  1:50  Adept (Chrono Boost)  
  23  1:57  Stargate  
  23  2:01  Warp Gate  
  23  2:06  Probe  
  24  2:13  Pylon  
  24  2:21  Stalker  
  25  2:32  Void Ray (Chrono Boost)  
  26  3:24  Nexus  
  26  3:26  Pylon  
  26  3:44  Probe  
  27  3:56  Probe (Chrono Boost)  
  28  4:03  Gateway, Robotics Facility  
  28  4:06  Probe (Chrono Boost)  
  29  4:11  Probe (Chrono Boost)  
  30  4:22  Probe, Stalker  
  29  4:28  Shield Battery  
  29  4:36  Probe (Chrono Boost)  
  31  4:39  Probe (Chrono Boost)  
  32  4:46  Probe (Chrono Boost)  
  32  4:47  Twilight Council  
  32  4:49  Probe (Chrono Boost)  
  32  4:50  Observer  
  32  4:51  Probe (Chrono Boost)  
  34  4:56  Stalker  
  34  4:58  Probe  
  38  5:02  Probe  
  39  5:13  Pylon  
  40  5:18  Immortal (Chrono Boost)  
  40  5:21  Probe, Charge (Chrono Boost)  
  44  5:26  Probe  
  45  5:40  Gateway  
  45  5:45  Gateway  
  45  5:53  Sentry, Gateway  
  45  5:54  Warp Prism (Chrono Boost)  
  49  5:58  Zealot  
  49  6:01  Pylon  
  51  6:04  Gateway  
  51  6:16  Pylon  
  51  6:20  Zealot  
  51  6:21  Zealot  
  51  6:22  Gateway  
  55  6:35  Pylon  
  55  6:44  Zealot x4  
  63  7:03  Zealot x2  
  63  7:05  Zealot x4  
  71  7:23  Zealot x3  
  47  7:46  Zealot x2  
  47  7:47  Zealot x5  
  47  7:48  Probe x2  
  59  7:59  Templar Archives  
  59  8:00  Probe  
  60  8:09  Stalker x2  
  60  8:11  Stalker  
  66  8:16  Probe x2  
  68  8:28  Probe x2, Nexus  
  68  8:29  Pylon  
  70  8:46  Zealot x4  
  70  8:47  Zealot  
  79  8:57  Probe x2  
  73  9:09  Probe  
  61  9:11  High Templar x2  
  61  9:12  High Templar  
  61  9:13  Zealot  
  61  9:14  Zealot  
  61  9:16  High Templar  
  71  9:23  Assimilator  
  70  9:27  Assimilator  
  70  9:28  Probe x2, Pylon  
  70  9:31  Shield Battery, Pylon  
  72  9:32  Shield Battery  
  72  9:34  Forge  
  72  9:38  Archon  
  72  9:40  Archon, Zealot x2  
  76  9:46  Probe  
  78  9:54  Robotics Bay  
  78  9:55  Zealot  
  78  9:57  Zealot x2  
  83  10:08  Zealot x3  
  81  10:19  Probe x2  
  75  10:23  Zealot x3  
  75  10:34  Robotics Facility  
Tags
 
Add a new tag
Caveats
  • Supply blocks, unpowered buildings, or Contaminate may cause inaccurate times.
  • Supply counts are checked every 10 seconds.